 Seeded DCSS version 0.28.0-45-g0d030f2227 (webtiles) character file.

Game seed: 5805660663818814860 (custom seed)

832 yunder69 the Cleaver (level 7, -1/59 HPs)
             Began as a Minotaur Berserker on Apr 2, 2022.
             Was a Believer of Trog.
             Slain by an ufetubus (2 damage)
             ... on level 5 of the Dungeon.
             The game lasted 00:06:38 (4010 turns).

yunder69 the Cleaver (Minotaur Berserker)           Turns: 4010, Time: 00:06:40

Health: -1/59      AC: -2    Str: 24    XL:     7   Next: 65%
Magic:  6/6        EV:  9    Int:  4    God:    Trog [**....]
Gold:   129        SH:  9    Dex:  9    Spells: 6/6 levels left

rFire   . . .      SeeInvis .   a - +0 hand axe
rCold   . . .      Faith    .   g - +0 kite shield
rNeg    . . .      Spirit   .   s - +3 ring mail
rPois   .          Reflect  .   (helmet restricted)
rElec   .          Harm     .   c - +0 cloak
rCorr   .          Rampage  .   (no gloves)
Will    ++...                   (no boots)
Stlth   ..........              (no amulet)
HPRegen 1.19/turn               (no ring)
MPRegen 0.10/turn               (no ring)

@: marked, strong-willed, corroded, on berserk cooldown, regenerating, slowed,
very slow
A: horns 2, retaliatory headbutt
a: Renounce Religion, Berserk, Trog's Hand


You were on level 5 of the Dungeon.
You worshipped Trog.
Trog was pleased with you.
You visited 1 branch of the dungeon, and saw 5 of its levels.

You collected 129 gold pieces.

Inventory:

Hand Weapons
 a - a +0 hand axe (weapon)
Missiles
 p - a silver boomerang (quivered)
Armour
 c - a +0 cloak (worn)
 g - a +0 kite shield (worn)
 s - a +3 ring mail (worn)
Wands
 l - a wand of polymorph (23)
Scrolls
 d - 3 scrolls of identify {unknown}
 e - a scroll of fear {unknown}
 h - 4 scrolls of teleportation {unknown}
 q - a scroll of brand weapon {unknown}
Potions
 b - 2 potions of heal wounds {unknown}
 f - a potion of magic {unknown}
 i - 2 potions of curing {unknown}
 j - a potion of lignification {unknown}
 k - a potion of flight {unknown}
 m - a potion of brilliance {unknown}
 n - a potion of degeneration {unknown}
 o - 2 potions of mutation {unknown}


   Skills:
 - Level 4.2 Fighting
 + Level 8.8 Axes
 - Level 2.5 Armour
 - Level 2.4 Dodging
 * Level 5.8 Shields


You had 6 spell levels left.
You didn't know any spells.
Your spell library was empty.

Dungeon Overview and Level Annotations

Branches:
Dungeon (5/15)             Temple (0/1) D:4

Altars:

Shops:
D:1 ?   D:4 [[([:


Innate Abilities, Weirdness & Mutations

You have a pair of horns on your head.
You reflexively headbutt those who attack you in melee.


Message History

You destroy the phantom!
Trog accepts your kill.
You slash the ogre!
The ogre is almost dead.
An ufetubus comes into view.
The ogre hits you with a +0 giant club.
* * * LOW HITPOINT WARNING * * *
An iguana comes into view.
You slash the ogre!
You kill the ogre!
Trog accepts your kill.
A hound comes into view.
Found a thick jade amulet.
You see here a +0 giant club.
You are too berserk!
You feel a strong urge to attack something.
You are no longer berserk.
You are exhausted.
You feel yourself slow down.
You hear a zap.
You hear a grinding noise.
You hit the ufetubus but do no damage. You headbutt the ufetubus.
The ufetubus is heavily wounded.
You block the ufetubus's attack. x2; The ufetubus hits you.
* * * LOW HITPOINT WARNING * * *
The ufetubus hits you.
* * * LOW HITPOINT WARNING * * *
You hit the ufetubus but do no damage.
The ufetubus is heavily wounded.
The ufetubus closely misses you. You block the ufetubus's attack. x2
The ufetubus barely misses you. The hound bites you.
* * * LOW HITPOINT WARNING * * *
You block the ufetubus's attack. The ufetubus hits you.
* * * LOW HITPOINT WARNING * * *
Your skin crawls.
You feel strong-willed. You block the hound's attack.
You block the ufetubus's attack. The ufetubus closely misses you.
The hound bites you.
* * * LOW HITPOINT WARNING * * *
The ufetubus hits you.
You die...

########. #........
#........ #........
########## #........
#........# #........
#..."....###........
#..........#........
#.h@.....#.#........
#.5###.###..####.###
#####.l###.# ##..#...# #
#.....)....# ##...#####
#..........#####.#....##
#........h.......####..#
#..........h..#...(.##..
#########.............<.
##..$...........


You could see an iguana, a hound and an ufetubus.

Vanquished Creatures
  Edmund (D:4)
  A necrophage (D:5)
  An ogre (D:5)
  A centaur (D:5)
  2 phantoms
  A centaur zombie (D:4)
  A jelly (D:5)
  A hound (D:4)
  An orc priest (D:4)
  A bullfrog skeleton (D:4)
  Jessica (D:2)
  An orc wizard (D:4)
  3 adders
  2 worms (D:3)
  3 dart slugs
  5 orcs
  7 endoplasms
  6 giant cockroaches
  8 goblins
  7 hobgoblins
  2 jackals (D:1)
  3 quokkas
  3 ball pythons
  8 bats
  4 frilled lizards
  A goblin zombie (D:4)
  9 kobolds
  6 rats
  A rat zombie (D:4)
91 creatures vanquished.

Vanquished Creatures (others)
  2 demonic plants (D:1)
2 creatures vanquished.

Grand Total: 93 creatures vanquished

Notes
Turn   | Place    | Note
-------+----------+-------------------------------------------
     0 | D:1      | yunder69 the Minotaur Berserker began the quest for the
                  | Orb.
     0 | D:1      | Reached XP level 1. HP: 19/19 MP: 0/0
   193 | D:1      | Reached skill level 4 in Axes
   193 | D:1      | Reached XP level 2. HP: 26/27 MP: 1/1
   212 | D:1      | Found Jiqa's Magic Scroll Shop.
   564 | D:1      | Found a faded altar of an unknown god.
   564 | D:1      | Noticed a smoke demon
   695 | D:1      | Reached XP level 3. HP: 25/33 MP: 2/2
  1085 | D:2      | Reached ** piety under Trog
  1161 | D:2      | Noticed Jessica
  1166 | D:2      | Killed Jessica
  1167 | D:2      | Reached skill level 1 in Shields
  1233 | D:2      | Reached skill level 5 in Axes
  1328 | D:2      | Reached XP level 4. HP: 29/40 MP: 3/3
  2636 | D:4      | Found Tuodyil's Book Shoppe.
  2643 | D:4      | Reached XP level 5. HP: 46/46 MP: 4/4
  2766 | D:4      | Noticed a phantom
  2779 | D:4      | Reached skill level 6 in Axes
  2780 | D:4      | Killed a phantom
  2849 | D:4      | Found Baitt's Antique Armour Emporium.
  2881 | D:4      | Reached XP level 6. HP: 48/52 MP: 5/5
  2911 | D:4      | Found Leanis's Antique Weapon Boutique.
  2911 | D:4      | Found Obines's Antique Armour Shoppe.
  2929 | D:4      | Reached skill level 7 in Axes
  3078 | D:4      | Found a staircase to the Ecumenical Temple.
  3235 | D:4      | Found a sand-covered staircase.
  3306 | D:4      | Found Veoref's Antique Armour Emporium.
  3454 | D:4      | Noticed Edmund
  3464 | D:4      | Killed Edmund
  3688 | D:5      | Entered Level 5 of the Dungeon
  3739 | D:5      | Reached XP level 7. HP: 56/59 MP: 6/6
  3791 | D:5      | Reached skill level 8 in Axes
  3791 | D:5      | Reached skill level 5 in Shields
  4010 | D:5      | HP: 1/59 [hound (5)]
  4010 | D:5      | Slain by an ufetubus

Illustrated notes

Levels and vault maps discovered:
D:1:      lemuel_arrival_tunnels, layout_rooms,
          dreamdust_ecumenical_altar_sealed_demon, serial_shops, shop
D:2:      layout_basic, uniq_jessica
D:3:      layout_loops_ring, hangedman_decor_opposing
D:4:      layout_basic, temple_statues, serial_shops, shop, shop,
          nicolae_shop_behind_doors, shop, nicolae_shop_hallway_plus,
          enter_ossuary_4, uniq_edmund
D:5:      layout_rooms

Skill      XL: |  1  2  3  4  5  6  7 |
---------------+----------------------+-----
Axes           | 4 5 6 7 8 |  8.8
Fighting       | 4 |  4.2
Shields        | 1 2 3 4 5 |  5.8
Armour         | |  2.5
Dodging        | |  2.4

Action                   |  1- 3 |  4- 6 |  7- 9 || total
-------------------------+-------+-------+-------++-------
Melee: Hand axe          |    63 |   128 |    26 ||   217
       Headbutt          |    10 |    24 |     3 ||    37
Invok: Berserk           |       |     3 |     1 ||     4
       Trog's Hand       |       |     2 |     2 ||     4
Armor: Animal skin       |    13 |       |       ||    13
       Ring mail         |     1 |    20 |     7 ||    28
       Chain mail        |       |    38 |       ||    38
       Scale mail        |       |     4 |       ||     4
Dodge: Dodged            |    44 |    41 |     7 ||    92
Block: Kite shield       |     3 |    44 |    21 ||    68
